 Dungeon Crawl Stone Soup version 0.31-b1-20-g67cafac56d (webtiles) character file.

Game seed: 2814928839155490341

1414 apoch the Basher (level 8, -3/46 HPs)
             Began as a Gargoyle Monk on Jan 18, 2024.
             Incinerated by a bombardier beetle (4 damage)
             ... with a burning spray
             ... on level 5 of the Dungeon.
             The game lasted 00:09:35 (4046 turns).

apoch the Basher (Gargoyle Monk)                    Turns: 4046, Time: 00:09:36

Health: -3/46      AC: 15    Str: 17    XL:     8   Next: 71%
Magic:  8/8        EV: 23    Int: 11    God:
Gold:   292        SH:  0    Dex: 12    Spells: 7/7 levels left

rFire   . . .        e - +2 morningstar (protect)
rCold   x . .        d - orb {light}
rNeg    + + +        y - +0 chain mail
rPois   ∞            (no helmet)
rElec   +            (no cloak)
rCorr   +            (no gloves)
SInv    +            (no boots)
Will    .....        o - amulet "Maen" {Acrobat rC- rN++ rCorr SInv} Stlth
                     (no ring)
HPRegen 0.27/turn    (no ring)
MPRegen 0.11/turn

%: acrobat
@: confused, on fire, ambrosia-drunk, acrobatic, glowing
A: sickness immunity, AC +5, negative energy resistance 1, electricity
resistance, torment resistance 1, petrification resistance
a: no special abilities


You were on level 5 of the Dungeon.
You visited 1 branch of the dungeon, and saw 6 of its levels.

You collected 407 gold pieces.
You spent 115 gold pieces at shops.

Inventory:

Hand Weapons
 a - a +0 mace
 e - a +2 morningstar of protection (weapon)
 t - a +0 flail
Armour
 b - a +0 robe
 d - an orb of light (worn)
 l - a +0 leather armour
 n - a +0 scale mail
 y - a +0 chain mail (worn)
Jewellery
 o - the amulet "Maen" (around neck) {Acrobat rC- rN++ rCorr SInv}
   (You bought it in a shop on level 3 of the Dungeon)

   [amulet of the acrobat]

   Acrobat:   It increases your evasion while moving and waiting.
   rC-:       It makes you vulnerable to cold.
   rN++:      It greatly protects you from negative energy.
   SInv:      It lets you see invisible.
   rCorr:     It protects you from acid and corrosion.
 r - a ring of wizardry
Wands
 x - a wand of digging (3)
Scrolls
 h - a scroll of enchant armour {unknown}
 k - a scroll of silence {unknown}
 m - a scroll of blinking
 v - a scroll of poison {unknown}
 w - a scroll of vulnerability {unknown}
Potions
 c - a potion of ambrosia
 f - a potion of haste
 g - 2 potions of attraction
 i - a potion of brilliance
 j - 2 potions of magic {unknown}
 p - a potion of berserk rage {unknown}
 q - 2 potions of invisibility {unknown}
 s - a potion of might {unknown}
 u - a potion of degeneration {unknown}


   Skills:
 - Level 3.2 Fighting
 - Level 10.0 Maces & Flails
 + Level 4.6 Armour
 - Level 2.4 Dodging


You had 7 spell levels left.
You didn't know any spells.
Your spell library contained the following spells:

 Spells                   Type           Power      Damage    Failure   Level
 Necrotise                Necr           0%         1d4       98%         1
 Shock                    Conj/Air       0%         1d3       98%         1
 Slow                     Hex            0%         N/A       98%         1
 Confusing Touch          Hex            0%         N/A       100%        3
 Sigil of Binding         Hex            0%         N/A       100%        3
 Swiftness                Air            0%         N/A       100%        3
 Vampiric Draining        Necr           0%         2d6       100%        3
 Airstrike                Air            0%         2d(0-16)  100%        4
 Martyr's Knell           Necr/Summ      0%         N/A       100%        4
 Curse of Agony           Necr           0%         N/A       100%        5


Dungeon Overview and Level Annotations

Branches:
Dungeon (6/15)
 Temple: D:4-7

Altars:
Gozag
Yredelemnul

Shops:
D:3 *   D:5 ?


Innate Abilities, Weirdness & Mutations

You are immune to sickness and miasma.
Your stone body is resilient. (AC +5)
You are immune to poison.
You resist negative energy. (rN+)
You are resistant to electric shocks. (rElec)
You are resistant to unholy torment.
You are immune to petrification.


Message History

The scorpion stings you.
You hit the scorpion.
The scorpion is severely wounded.
The scorpion stings you.
The bombardier beetle sprays incendiary fluid at you.
The burning spray hits you.
You are covered in liquid fire!
A white imp comes into view.
The white imp shouts, "Escape, thou puking hasty-witted clack-dish!"
You sock the scorpion!
You kill the scorpion!
The liquid fire burns you!
The bombardier beetle sprays incendiary fluid at you.
The burning spray hits you.
You are even more covered in liquid fire!
The liquid fire burns you!
You shake off some of the fire as you move.
You climb upwards.
The liquid fire burns you!
There is a stone staircase leading down here.
You are on fire!
You are on fire!
You are on fire!
The liquid fire burns you! The liquid fire burns you!
The liquid fire burns you! The liquid fire burns you!
* * * LOW HITPOINT WARNING * * *
The liquid fire burns you!
* * * LOW HITPOINT WARNING * * *
The liquid fire burns you!
* * * LOW HITPOINT WARNING * * *
The liquid fire burns you!
* * * LOW HITPOINT WARNING * * *
The liquid fire burns you!
* * * LOW HITPOINT WARNING * * *
You are confused.
You feel invigorated. The liquid fire burns you!
You die...

###########.................
#.............###.#######...
#.##########..# #.### ##.#
#.# ######..###...# #.# #.#
#...>....####.# #.# #.#
#.####...# #.# #.. #.# #[#
##...# #.# ### #.# #.#
#....# #.# # #.## #.# #@.#.#
#.# # #..# #.# #..#.#
#.######## ##.# #.# #.##.#
#.#...<... #.#
##.###.##.####.#.###### #.#
#...##.##.##.....# # #.#
#.#'##.##.##.###.# #†#
#.+∩'........# #.# #.#
###+#.....##.###.# #(#
#..............#


There were no monsters in sight!

Vanquished Creatures
  Grinder (D:3)
  Menkaure (D:4)
  Edmund (D:5)
  A water moccasin (D:5)
  A black bear (D:5)
  2 ice beasts (D:5)
  An ogre (D:5)
  2 scorpions
  A hound (D:5)
  A jelly (D:4)
  A bombardier beetle (D:5)
  Jessica (D:3)
  2 iguanas (D:5)
  An orc wizard (D:5)
  A scorpion zombie (D:3)
  4 gnolls
  5 adders
  3 adder zombies (D:3)
  3 dart slugs
  A ribbon worm (D:4)
  4 orcs
  9 endoplasms
  2 giant cockroaches
  3 goblins
  4 hobgoblins
  3 jackals (D:2)
  9 kobolds
  6 ball pythons
  3 bats
  4 frilled lizards
  8 rats
89 creatures vanquished.

Notes
Turn   | Place    | Note
-------+----------+-------------------------------------------
     0 | D:1      | apoch the Gargoyle Monk began the quest for the Orb.
     0 | D:1      | Reached XP level 1. HP: 14/14 MP: 1/1
   212 | D:1      | Reached XP level 2. HP: 15/19 MP: 2/2
   928 | D:2      | Reached skill level 4 in Maces & Flails
   928 | D:2      | Reached XP level 3. HP: 10/23 MP: 3/3
  1095 | D:2      | Found an opulent altar of Gozag.
  1200 | D:2      | Reached XP level 4. HP: 11/28 MP: 4/4
  1559 | D:3      | Found Notea's Assorted Antiques.
  1571 | D:3      | Reached skill level 5 in Maces & Flails
  1574 | D:3      | Bought a twitching amethyst amulet for 115 gold pieces
  1574 | D:3      | Identified the amulet "Maen" {Acrobat rC- rN++ rCorr SInv}
                  | (You bought it in a shop on level 3 of the Dungeon)
  1629 | D:3      | Found a basalt altar of Yredelemnul.
  1804 | D:3      | Reached XP level 5. HP: 27/32 MP: 5/5
  1868 | D:3      | Noticed Grinder
  1869 | D:3      | Paralysed by Grinder for 5 turns
  1902 | D:3      | Paralysed by Grinder for 4 turns
  1907 | D:3      | Killed Grinder
  1908 | D:3      | Reached skill level 7 in Maces & Flails
  1908 | D:3      | Reached XP level 6. HP: 23/37 MP: 6/6
  2110 | D:3      | Noticed Jessica
  2112 | D:3      | Killed Jessica
  2540 | D:4      | Identified a scroll of acquirement
  2540 | D:4      | Acquired a +2 morningstar of protection
  2607 | D:4      | Noticed Menkaure
  2614 | D:4      | Killed Menkaure
  2615 | D:4      | Reached skill level 8 in Maces & Flails
  2615 | D:4      | Reached XP level 7. HP: 37/41 MP: 7/7
  3000 | D:5      | Entered Level 5 of the Dungeon
  3136 | D:5      | Reached skill level 9 in Maces & Flails
  3146 | D:5      | Reached XP level 8. HP: 46/46 MP: 8/8
  3211 | D:5      | Reached skill level 1 in Armour
  3637 | D:5      | Noticed Edmund
  3648 | D:5      | Killed Edmund
  3990 | D:5      | Reached skill level 10 in Maces & Flails
  4013 | D:5      | Found Turag's Magic Scroll Shop.
  4045 | D:5      | HP: 1/46 [burnt (4)]
  4046 | D:5      | Incinerated by a bombardier beetle

Illustrated notes

Levels and vault maps discovered:
D:1:      matt_arrival_los_fun, layout_basic
D:2:      layout_rooms, basic_altar, minmay_circle_x
D:3:      layout_loops_ring, nicolae_yredelemnul_corpse_copse, serial_shops,
          shop, uniq_grinder, uniq_jessica
D:4:      layout_rooms, uniq_menkaure
D:5:      layout_loops_ring, serial_shops, kennysheep_mini, uniq_edmund
D:6:      layout_rooms, okawaru_ov_weapons_minmay, temple_doors_e,
          reono_crystal_passage, uniq_eustachio

Skill      XL: |  1  2  3  4  5  6  7  8 |
---------------+-------------------------+-----
Maces & Flails | 4 5 7 8 9 10 | 10.0
Armour         | 4 |  4.6
Fighting       | |  3.2
Dodging        | |  2.4

Action                     |  1- 3 |  4- 6 |  7- 9 || total
---------------------------+-------+-------+-------++-------
  Melee: Mace              |    85 |    83 |       ||   168
         Flail             |       |     9 |       ||     9
         Morningstar       |       |     7 |    95 ||   102
    Use: Scroll            |       |     8 |       ||     8
         Potion            |       |       |     1 ||     1
 Armour: Robe              |    24 |       |       ||    24
         Leather armour    |    20 |       |       ||    20
         Scale mail        |       |    61 |    51 ||   112
         Chain mail        |       |       |    11 ||    11
  Dodge: Dodged            |    71 |    60 |    51 ||   182
